TOP OF THE 1ST |
Birmingham Black Magic batting - Pitching for Atlanta Foxes : RHP Charles Christopher
|
Pitching: RHP Charles Christopher
|
|
Batting: SHB Buck Irvin
|
0-0: Ball 1-0: Ground out U3 (Groundball, 34S, EV 81.3 MPH)
|
Batting: RHB Otha Brown
|
0-0: Ball 1-0: Ground out 5-3 (Groundball, 56, EV 83.1 MPH)
|
Batting: LHB Harry McIntosh
|
0-0: Called Strike 0-1: Ground out 6-3 (Groundball, 6M, EV 89.4 MPH)
|
Top of the 1st over - 0 runs, 0 hits, 0 errors, 0 left on base; Birmingham 0 - Atlanta 0 |
BOTTOM OF THE 1ST |
Atlanta Foxes batting - Pitching for Birmingham Black Magic : RHP Ed Collins
|
Pitching: RHP Ed Collins
|
|
Batting: RHB Robert Meyers
|
0-0: Called Strike 0-1: Ball 1-1: Foul Ball, location: 2F 1-2: DOUBLE (Line Drive, 7LM, EV 108.8 MPH)
|
Batting: RHB Pee Wee Nelson
|
0-0: Ball Robert Meyers steals 3rd base 1-0: Fly out, F7 (Flyball, 7D, EV 96.3 MPH) Runner from 3rd tags up, SCORES, no throw by LF
|
Batting: RHB Lorenza Garry
|
0-0: Ball 1-0: Ball 2-0: Ball 3-0: Called Strike 3-1: SINGLE (Line Drive, 78S, EV 85.6 MPH)
|
Batting: LHB Jonas Green
|
0-0: Called Strike 0-1: SINGLE (Line Drive, 56D, EV 110.0 MPH) Lorenza Garry to second
|
Batting: RHB Joseph Morney
|
0-0: Called Strike 0-1: Ball 1-1: Ball 2-1: Ball 3-1: Base on Balls Lorenza Garry to third Jonas Green to second
|
Batting: RHB Nate Royal
|
0-0: Ball 1-0: Ball 2-0: Fly out, F7 (Line Drive, 7S, EV 86.9 MPH)
|
Batting: RHB Rufus Byrd
|
0-0: Called Strike 0-1: Fly out, F4 (Popup, 4M, EV 56.9 MPH)
|
Bottom of the 1st over - 1 run, 3 hits, 0 errors, 3 left on base; Birmingham 0 - Atlanta 1 |
TOP OF THE 2ND |
Birmingham Black Magic batting - Pitching for Atlanta Foxes : RHP Charles Christopher
|
Batting: RHB Bruce Murphy
|
0-0: Called Strike 0-1: Ball 1-1: Ball 2-1: Swinging Strike 2-2: Foul Ball, location: 2F 2-2: Ball 3-2: Foul Ball, location: 2F 3-2: Foul Ball, location: 9LMF 3-2: Fly out, F9 (Flyball, 89M, EV 81.3 MPH)
|
Batting: RHB Henry Martin
|
0-0: Ball 1-0: SINGLE (Groundball, 6MD, EV 99.4 MPH)
|
Batting: RHB Curtis Maxwell
|
0-0: Ball 1-0: Foul Ball, location: 23FF 1-1: Ball 2-1: Called Strike 2-2: Strikes out swinging
|
Batting: RHB Wade Nance
|
0-0: Foul Ball, location: 2F 0-1: Swinging Strike 0-2: Fielders Choice at 2nd, 6-4 (Groundball, 6, EV 106.3 MPH)
|
Top of the 2nd over - 0 runs, 1 hit, 0 errors, 1 left on base; Birmingham 0 - Atlanta 1 |
BOTTOM OF THE 2ND |
Atlanta Foxes batting - Pitching for Birmingham Black Magic : RHP Ed Collins
|
Batting: LHB Benny Carter
|
0-0: Ball 1-0: Ground out U3 (Groundball, 34, EV 90.0 MPH)
|
Batting: RHB Charles Christopher
|
0-0: Ball 1-0: Foul Ball, location: 3F 1-1: Ground out 5-3 (Groundball, 5S, EV 83.8 MPH)
|
Batting: RHB Robert Meyers
|
0-0: Fly out, F8 (Flyball, 8RD, EV 101.9 MPH)
|
Bottom of the 2nd over - 0 runs, 0 hits, 0 errors, 0 left on base; Birmingham 0 - Atlanta 1 |
TOP OF THE 3RD |
Birmingham Black Magic batting - Pitching for Atlanta Foxes : RHP Charles Christopher
|
Batting: RHB Slim Richardson
|
0-0: Called Strike 0-1: Foul Ball, location: 25FF 0-2: Ground out 3-1 (Groundball, 34, EV 106.9 MPH)
|
Batting: RHB Ed Collins
|
0-0: Ball 1-0: Ball 2-0: Fly out, F9 (Line Drive, 9S, EV 91.9 MPH)
|
Batting: SHB Buck Irvin
|
0-0: Called Strike 0-1: Ball 1-1: Foul Ball, location: 5DF 1-2: Ball 2-2: Strikes out looking
|
Top of the 3rd over - 0 runs, 0 hits, 0 errors, 0 left on base; Birmingham 0 - Atlanta 1 |
BOTTOM OF THE 3RD |
Atlanta Foxes batting - Pitching for Birmingham Black Magic : RHP Ed Collins
|
Batting: RHB Pee Wee Nelson
|
0-0: Ball 1-0: Ball 2-0: Ball 3-0: SINGLE (Groundball, 4MD, EV 103.8 MPH)
|
Batting: RHB Lorenza Garry
|
0-0: Ball Pee Wee Nelson is caught stealing 2nd base 2-4 1-0: Foul Ball, location: 9LDF 1-1: Ball 2-1: Called Strike 2-2: Ground out 4-3 (Groundball, 4, EV 83.8 MPH)
|
Batting: LHB Jonas Green
|
0-0: Ball 1-0: Ball 2-0: Foul Ball, location: 23F 2-1: Fly out, F6 (Popup, 6MS, EV 80.6 MPH)
|
Bottom of the 3rd over - 0 runs, 1 hit, 0 errors, 0 left on base; Birmingham 0 - Atlanta 1 |
TOP OF THE 4TH |
Birmingham Black Magic batting - Pitching for Atlanta Foxes : RHP Charles Christopher
|
Batting: RHB Otha Brown
|
0-0: Ball 1-0: Fly out, F8 (Flyball, 8LM, EV 89.4 MPH)
|
Batting: LHB Harry McIntosh
|
0-0: Ball 1-0: Reached on error, E3 (Groundball, 34, EV 100.6 MPH)
|
Batting: RHB Bruce Murphy
|
0-0: Swinging Strike 0-1: Ball 1-1: Ball 2-1: Ball 3-1: Fly out, F8 (Flyball, 8LM, EV 95.6 MPH)
|
Batting: RHB Henry Martin
|
0-0: Called Strike 0-1: Ball 1-1: Foul Ball, location: 7LSFF 1-2: Ball 2-2: Foul Ball, location: 2F 2-2: Ball 3-2: Foul Ball, location: 3FF 3-2: SINGLE (Line Drive, 56D, EV 98.8 MPH) Harry McIntosh to second Harry McIntosh to third
|
Batting: RHB Curtis Maxwell
|
0-0: Called Strike 0-1: Fly out, F7 (Line Drive, 7S, EV 91.3 MPH)
|
Top of the 4th over - 0 runs, 1 hit, 1 error, 2 left on base; Birmingham 0 - Atlanta 1 |
BOTTOM OF THE 4TH |
Atlanta Foxes batting - Pitching for Birmingham Black Magic : RHP Ed Collins
|
Batting: RHB Joseph Morney
|
0-0: Foul Ball, location: 2F 0-1: Ground out 5-3 (Groundball, 56, EV 84.4 MPH)
|
Batting: RHB Nate Royal
|
0-0: Swinging Strike 0-1: Ball 1-1: Ball 2-1: SINGLE (Flyball, 5D, EV 90.6 MPH) - OUT at second base trying to stretch hit.
|
Batting: RHB Rufus Byrd
|
0-0: SINGLE (Line Drive, 89S, EV 96.9 MPH)
|
Batting: LHB Benny Carter
|
0-0: Fly out, F5 (Line Drive, 5L, EV 73.1 MPH)
|
Bottom of the 4th over - 0 runs, 2 hits, 0 errors, 1 left on base; Birmingham 0 - Atlanta 1 |
TOP OF THE 5TH |
Birmingham Black Magic batting - Pitching for Atlanta Foxes : RHP Charles Christopher
|
Batting: RHB Wade Nance
|
0-0: Swinging Strike 0-1: Ball 1-1: Fly out, F8 (Line Drive, 8LD, EV 98.8 MPH)
|
Batting: RHB Slim Richardson
|
0-0: Ball 1-0: Ball 2-0: Swinging Strike 2-1: Ground out 4-3 (Groundball, 4S, EV 79.4 MPH)
|
Batting: RHB Ed Collins
|
0-0: Fly out, F4 (Popup, 4, EV 65.6 MPH)
|
Top of the 5th over - 0 runs, 0 hits, 0 errors, 0 left on base; Birmingham 0 - Atlanta 1 |
BOTTOM OF THE 5TH |
Atlanta Foxes batting - Pitching for Birmingham Black Magic : RHP Ed Collins
|
Batting: RHB Charles Christopher
|
0-0: Called Strike 0-1: Foul Ball, location: 9LDF 0-2: Fly out, F4 (Popup, 3S, EV 78.8 MPH)
|
Batting: RHB Robert Meyers
|
0-0: Foul Ball, location: 2F 0-1: Foul Ball, location: 2RF 0-2: Foul Ball, location: 9LMF 0-2: Foul Ball, location: 2F 0-2: Strikes out swinging
|
Batting: RHB Pee Wee Nelson
|
0-0: Called Strike 0-1: Ground out 4-3 (Groundball, 4, EV 105.6 MPH)
|
Bottom of the 5th over - 0 runs, 0 hits, 0 errors, 0 left on base; Birmingham 0 - Atlanta 1 |
TOP OF THE 6TH |
Birmingham Black Magic batting - Pitching for Atlanta Foxes : RHP Charles Christopher
|
Batting: SHB Buck Irvin
|
0-0: Fly out, F4 (Line Drive, 4, EV 70.6 MPH)
|
Batting: RHB Otha Brown
|
0-0: Ball 1-0: Ball 2-0: Swinging Strike 2-1: Ground out 5-3 (Groundball, 56S, EV 75.6 MPH)
|
Batting: LHB Harry McIntosh
|
0-0: Ball 1-0: Foul Ball, location: 2F 1-1: Swinging Strike 1-2: SINGLE (Line Drive, 8RS, EV 104.4 MPH)
|
Batting: RHB Bruce Murphy
|
0-0: Ball 1-0: Ball 2-0: Ball Wild Pitch! Harry McIntosh to second 3-0: Called Strike 3-1: Foul Ball, location: 23F 3-2: Foul Ball, location: 2LF 3-2: Base on Balls
|
Batting: RHB Henry Martin
|
0-0: Called Strike 0-1: Called Strike 0-2: Ball 1-2: Ground out 1-3 (Groundball, 34S, EV 61.9 MPH)
|
Top of the 6th over - 0 runs, 1 hit, 0 errors, 2 left on base; Birmingham 0 - Atlanta 1 |
BOTTOM OF THE 6TH |
Atlanta Foxes batting - Pitching for Birmingham Black Magic : RHP Ed Collins
|
Batting: RHB Lorenza Garry
|
0-0: Ball 1-0: Foul Ball, location: 9LSF 1-1: Ground out 5-3 (Groundball, 56S, EV 81.3 MPH)
|
Batting: LHB Jonas Green
|
0-0: Ball 1-0: Called Strike 1-1: Called Strike 1-2: Ground out 4-3 (Groundball, 4, EV 98.8 MPH)
|
Batting: RHB Joseph Morney
|
0-0: Ball 1-0: Swinging Strike 1-1: Ball 2-1: Called Strike 2-2: Ball 3-2: Base on Balls
|
Batting: RHB Nate Royal
|
0-0: Ball 1-0: Fielders Choice at 2nd, 6-4 (Groundball, 6, EV 97.5 MPH)
|
Bottom of the 6th over - 0 runs, 0 hits, 0 errors, 1 left on base; Birmingham 0 - Atlanta 1 |
TOP OF THE 7TH |
Birmingham Black Magic batting - Pitching for Atlanta Foxes : RHP Charles Christopher
|
Batting: RHB Curtis Maxwell
|
0-0: Hit by Pitch
|
Batting: RHB Wade Nance
|
0-0: Sac Bunt to 15S - play at first, batter OUT! 1-3 Curtis Maxwell to second
|
Pinch Hitting: LHB Jim Green
|
0-0: Ball 1-0: Ball 2-0: Foul Ball, location: 9LDF 2-1: Fly out, F7 (Flyball, 7, EV 91.9 MPH)
|
Batting: RHB Ed Collins
|
0-0: Ball 1-0: Called Strike 1-1: Ground out 5-3 (Groundball, 56, EV 88.8 MPH)
|
Top of the 7th over - 0 runs, 0 hits, 0 errors, 1 left on base; Birmingham 0 - Atlanta 1 |
BOTTOM OF THE 7TH |
Atlanta Foxes batting - Pitching for Birmingham Black Magic : RHP Ed Collins
|
Now at 3B: Scottie Jones
|
|
Batting: RHB Rufus Byrd
|
0-0: Ball 1-0: Ball 2-0: Ball 3-0: Called Strike 3-1: Called Strike 3-2: Fly out, F9 (Flyball, 9D, EV 105.6 MPH)
|
Batting: LHB Benny Carter
|
0-0: Ball 1-0: Called Strike 1-1: Swinging Strike 1-2: Ball 2-2: Strikes out swinging
|
Batting: RHB Charles Christopher
|
0-0: Reached on error, E6 (Groundball, 6, EV 80.6 MPH)
|
Batting: RHB Robert Meyers
|
0-0: Ball 1-0: Foul Ball, location: 9LSF 1-1: Ball 2-1: Fly out, F9 (Line Drive, 9, EV 89.4 MPH)
|
Bottom of the 7th over - 0 runs, 0 hits, 1 error, 1 left on base; Birmingham 0 - Atlanta 1 |
TOP OF THE 8TH |
Birmingham Black Magic batting - Pitching for Atlanta Foxes : RHP Charles Christopher
|
Batting: SHB Buck Irvin
|
0-0: Ball 1-0: Called Strike 1-1: Fly out, F4 (Line Drive, 4, EV 63.8 MPH)
|
Pinch Hitting: LHB Jesse Moore
|
0-0: Called Strike 0-1: Reached on error, E5 (Groundball, 5, EV 86.3 MPH)
|
Batting: LHB Harry McIntosh
|
0-0: Ball 1-0: Swinging Strike 1-1: Ball 2-1: Ball 3-1: SINGLE (Groundball, 56D, EV 95.0 MPH) Jesse Moore to second
|
Batting: RHB Bruce Murphy
|
0-0: Called Strike 0-1: Ball 1-1: Ball 2-1: Ball 3-1: Base on Balls Jesse Moore to third Harry McIntosh to second
|
Batting: RHB Henry Martin
|
0-0: Ball 1-0: Called Strike 1-1: Fly out, F9 (Flyball, 89D, EV 83.1 MPH) Runner from 3rd tags up, SCORES, no throw by RF
|
Batting: RHB Curtis Maxwell
|
0-0: Ball 1-0: Ball 2-0: Ball 3-0: Called Strike 3-1: Base on Balls Harry McIntosh to third Bruce Murphy to second
|
Pitching: RHP William Panier
|
|
Batting: RHB Wade Nance
|
0-0: Ball 1-0: Fly out, F9 (Flyball, 89M, EV 77.5 MPH)
|
Top of the 8th over - 1 run, 1 hit, 1 error, 3 left on base; Birmingham 1 - Atlanta 1 |
BOTTOM OF THE 8TH |
Atlanta Foxes batting - Pitching for Birmingham Black Magic : RHP Ed Collins
|
Now at 2B: Jesse Moore
|
|
Batting: RHB Pee Wee Nelson
|
0-0: Ball 1-0: Ground out 4-3 (Groundball, 34, EV 105.0 MPH)
|
Batting: RHB Lorenza Garry
|
0-0: Ball 1-0: Ball 2-0: Ball 3-0: Base on Balls
|
Batting: LHB Jonas Green
|
0-0: SINGLE (Line Drive, 89S, EV 103.1 MPH) Lorenza Garry to second
|
Pinch Hitting: LHB John Forbes
|
0-0: Ball 1-0: Swinging Strike 1-1: Ball 2-1: SINGLE (Groundball, 4M, EV 107.5 MPH) (infield hit) Lorenza Garry to third Jonas Green to second
|
Batting: RHB Nate Royal
|
0-0: SINGLE (Groundball, 4M, EV 80.0 MPH) (infield hit) Lorenza Garry scores Jonas Green to third John Forbes to second
|
Batting: RHB Rufus Byrd
|
0-0: Ball 1-0: Fly out, F8 (Flyball, 8RXD, EV 94.4 MPH) Runner from 3rd tags up, SCORES, no throw by CF
|
Pinch Hitting: RHB Henry McDonell
|
0-0: Fly out, F8 (Flyball, 8RS, EV 100.0 MPH)
|
Bottom of the 8th over - 2 runs, 3 hits, 0 errors, 2 left on base; Birmingham 1 - Atlanta 3 |
TOP OF THE 9TH |
Birmingham Black Magic batting - Pitching for Atlanta Foxes : RHP William Panier
|
Now at 2B: Joe Awkard
|
|
Now at 3B: Lacey Brown
|
|
Batting: RHB Scottie Jones
|
0-0: Ball 1-0: Ground out 5-3 (Groundball, 56S, EV 89.4 MPH)
|
Pinch Hitting: SHB Robert Williams
|
0-0: Fly out, F8 (Flyball, 8RXD, EV 112.5 MPH)
|
Batting: SHB Buck Irvin
|
0-0: Foul Ball, location: 2F 0-1: Called Strike 0-2: Ball 1-2: Foul Ball, location: 2RF 1-2: Ball 2-2: Ball 3-2: SINGLE (Groundball, 56S, EV 66.9 MPH) (infield hit)
|
Batting: LHB Jesse Moore
|
0-0: Ball 1-0: Ball 2-0: Swinging Strike 2-1: Swinging Strike 2-2: Foul Ball, location: 5DF 2-2: Strikes out swinging
|
Top of the 9th over - 0 runs, 1 hit, 0 errors, 1 left on base; Birmingham 1 - Atlanta 3 |
|